Map: Lerilak Crest

Players

LilDicky - Winner!

  • Race: Terran Terran
  • League: Diamond

Sly

  • Race: Terran Terran
  • League: Platinum

VOD

http://www.twitch.tv/tumescentpie

Description

Time

  • Played on: Nov. 30, 2015, 4:08 p.m.
  • Length: 6:53
Show
View Real Time Build Order
Export as new Build Order

LilDicky Terran - Winner!

Build Orders: 1/1/1, Banshee Rush 

Get SALT Encoding   

  12  0:02  SCV  
  13  0:14  SCV  
  13  0:18  Supply Depot  
  14  0:26  SCV  
  15  0:30  Refinery  
  15  0:39  SCV  
  16  0:46  Barracks  
  16  0:51  SCV  
  17  1:04  SCV  
  18  1:16  SCV  
  19  1:29  SCV  
  20  1:36  Marine  
  20  1:37  Factory  
  21  1:41  Orbital Command  
  21  1:50  Supply Depot  
  21  1:54  Marine  
  22  2:08  SCV  
  22  2:11  Marine  
  24  2:19  Refinery  
  23  2:26  Hellion  
  23  2:29  Starport, Marine  
  26  2:31  SCV  
  27  2:44  SCV  
  28  2:47  Marine  
  28  2:49  Factory Tech Lab  
  29  2:56  SCV  
  30  3:00  Supply Depot  
  30  3:05  Marine  
  31  3:14  Cloaking Field  
  31  3:21  Banshee, SCV  
  31  3:23  Widow Mine  
  37  3:28  Supply Depot  
  37  3:37  Barracks Reactor  
  37  3:41  SCV  
  37  3:42  Command Center  
  38  4:04  SCV  
  38  4:05  Banshee  
  42  4:16  SCV  
  43  4:18  Marine x2  
  43  4:20  Factory Tech Lab  
  45  4:28  Barracks  
  45  4:29  Barracks  
  43  4:34  SCV  
  43  4:36  Marine  
  45  4:45  Supply Depot  
  45  4:48  Engineering Bay  
  45  4:53  Banshee, Siege Tank  
  51  5:30  Siege Tank  
  51  5:33  Barracks Tech Lab x2  
  51  5:59  Orbital Command  
  51  6:01  Marine x4  
  51  6:03  Siege Tank  
  55  6:04  Refinery  
  55  6:08  Refinery, Missile Turret  
  55  6:09  SCV  
  56  6:19  Marine  
  56  6:21  SCV  
Show
View Real Time Build Order
Export as new Build Order

Sly Terran 

Build Orders:  

Get SALT Encoding   

  12  0:01  SCV  
  13  0:13  SCV  
  14  0:18  Supply Depot  
  14  0:25  SCV  
  15  0:40  SCV  
  16  0:43  Barracks  
  16  0:46  Refinery  
  16  0:52  SCV  
  17  1:04  SCV  
  18  1:11  Barracks  
  18  1:16  SCV  
  19  1:30  Orbital Command  
  19  1:32  Reaper  
  20  1:44  Supply Depot  
  20  1:57  SCV  
  20  2:00  Reaper  
  22  2:06  Reaper  
  24  2:15  SCV  
  24  2:27  SCV  
  24  2:28  Command Center, Refinery  
  25  2:32  Barracks Tech Lab  
  25  2:39  SCV  
  26  2:52  SCV  
  26  2:53  Supply Depot, Marine  
  26  2:54  Marine  
  29  3:02  Factory  
  29  3:04  SCV  
  29  3:16  SCV  
  29  3:20  Stimpack, Marauder  
  29  3:21  Marine  
  32  3:28  SCV  
  32  3:33  Supply Depot  
  33  3:40  SCV  
  34  3:41  Marine  
  34  3:42  Marauder  
  34  3:44  Supply Depot  
  34  3:46  Hellion  
  39  3:50  Orbital Command  
  39  3:57  SCV  
  39  4:02  Marine  
  41  4:04  Marauder  
  41  4:09  Hellion  
  45  4:17  SCV x2  
  45  4:22  Marine  
  48  4:29  SCV  
  49  4:33  SCV  
  49  4:36  Engineering Bay  
  49  4:37  Marine  
  51  4:40  Marine  
  51  4:41  SCV  
  52  4:47  Widow Mine  
  52  4:52  Command Center  
  54  4:53  SCV  
  54  4:59  Supply Depot  
  55  5:02  Missile Turret  
  55  5:14  Missile Turret  
  52  5:22  Marine x2  
  53  5:28  Missile Turret  
  51  5:38  SCV  
  51  5:46  Marine x2  
  50  5:50  Barracks  
  50  5:54  Missile Turret  
  48  5:57  Barracks  
  48  5:59  Barracks  
  48  6:04  Marine  
  48  6:05  SCV x2  
  48  6:07  Marine  
  52  6:13  Starport  
  52  6:17  SCV x2  
  52  6:21  Marine  
  52  6:25  Marine  
  54  6:29  SCV  
Tags
 
Add a new tag
Caveats
  • Supply blocks, unpowered buildings, or Contaminate may cause inaccurate times.
  • Supply counts are checked every 10 seconds.